 Dungeon Crawl Stone Soup version 0.28-a0-57-g271197699b (webtiles) character file.

Game seed: 3459935026759543114

36 CryoSword the Skirmisher (level 3, -2/40 HPs)
             Began as an Ogre Berserker on July 30, 2021.
             Was a Follower of Trog.
             Killed by nerve-wracking pain
             ... invoked by a shadow imp
             ... summoned by Natasha
              (4 damage)
             ... on level 2 of the Dungeon.
             The game lasted 00:03:05 (1543 turns).

CryoSword the Skirmisher (Ogre Berserker)           Turns: 1543, Time: 00:03:05

Health: -2/40      AC:  3    Str: 21    XL:     3   Next: 37%
Magic:  3/3        EV: 10    Int:  8    God:    Trog [*.....]
Gold:   33         SH:  0    Dex:  9    Spells: 2/2 levels left

rFire   + + .      SeeInvis .   a - +0 mace
rCold   + . .      Faith    .   (no shield)
rNeg    . . .      Spirit   .   l - +0 robe {rC+ rF+}
rPois   .          Reflect  .   (helmet restricted)
rElec   .          Harm     .   (no cloak)
rCorr   .          Rampage  .   (gloves unavailable)
Will    .....                   (boots unavailable)
Stlth   +.........              (no amulet)
HPRegen 0.13/turn               i - ring of protection from fire
MPRegen 0.08/turn               (no ring)

@: no status effects
A: large, unfitting armour, tough skin 1
a: Renounce Religion, Berserk


You were on level 2 of the Dungeon.
You worshipped Trog.
Trog was aware of your devotion.
You visited 1 branch of the dungeon, and saw 2 of its levels.

You collected 33 gold pieces.

Inventory:

Hand Weapons
 a - a +0 mace (weapon)
Missiles
 c - 7 boomerangs of dispersal {!f}
 g - 4 boomerangs (quivered)
Armour
 l - a +0 robe of resistance (worn)
   (You found it on level 1 of the Dungeon)
Jewellery
 i - a ring of protection from fire (left hand)
   (You found it on level 1 of the Dungeon)
Scrolls
 d - 3 scrolls of teleportation {@r4}
 f - a scroll of identify {unknown}
 h - a scroll of vulnerability {unknown}
 k - a scroll of blinking {unknown}
Potions
 e - a potion of ambrosia {unknown}
 j - a potion of resistance {unknown}


   Skills:
 + Level 4.5 Fighting
 * Level 3.4 Maces & Flails
 + Level 3.0 Dodging


You had 2 spell levels left.
You didn't know any spells.
Your spell library was empty.

Dungeon Overview and Level Annotations

Branches:
Dungeon (2/15)

Altars:

Annotations:
D:2 Natasha


Innate Abilities, Weirdness & Mutations

You are too large for most types of armour.
You have tough skin. (AC +1)


Message History

A quokka is nearby!
A quokka is nearby!
A quokka is nearby!
A kobold comes into view. It is wielding a +0 dagger.
The kobold shouts!
A rat comes into view.
You hit the quokka.
You kill the quokka!
Trog accepts your kill.
You closely miss the kobold. The kobold hits you with a +0 dagger.
You barely miss the kobold. The kobold hits you with a +0 dagger.
You hit the kobold. The kobold closely misses you. The rat bites you.
The kobold hits you with a +0 dagger.
You closely miss the kobold. The rat bites you but does no damage.
The kobold misses you. The rat bites you but does no damage.
You barely miss the kobold. The kobold hits you with a +0 dagger.
The rat bites you.
You hit the kobold but do no damage. The kobold hits you with a +0 dagger.
The rat bites you but does no damage. The kobold hits you but does no damage.
You barely miss the kobold. The rat barely misses you. The kobold misses you.
You barely miss the kobold. The rat bites you but does no damage.
The kobold hits you with a +0 dagger. The rat bites you.
You are too injured to fight recklessly!
You are too injured to fight recklessly!
You are too injured to fight recklessly!
You are too injured to fight recklessly!
The rat barely misses you.
There is an open door here.
You hit the kobold but do no damage. The kobold hits you with a +0 dagger.
You hit the kobold.
You kill the kobold!
Trog accepts your kill.
You can now call upon Trog for regeneration and willpower.
You hit the rat. The rat bites you but does no damage.
You hit the rat.
You kill the rat!
Trog accepts your kill.
Things that are here:
a +0 dagger; a kobold corpse
There is an open door here.
A hobgoblin comes into view.
A hobgoblin is nearby!
The hobgoblin shouts!
You hit the hobgoblin.
You kill the hobgoblin!
Trog accepts your kill.
No target in view!
No target in view!
Could not explore, unopened door.
Could not explore, unopened door.
Could not explore, unopened door.
You open the door.
Autopickup is now off.
Autopickup is now on.
There is an open door here.
You see here a +0 club.
You see here a +0 ring mail.
Found a ring mail.
k - a scroll labelled HIYWKA KAFERI You now have 28 gold pieces (gained 5).
You see here a +0 ring mail.
You see here a +0 scale mail.
Found an embroidered robe.
You see here a ring of wizardry.
You can no longer call upon Trog for regeneration and willpower.
You see here a +0 robe of resistance.
l - a +0 robe of resistance You start removing your armour.
You continue taking off your +0 animal skin. x4
You finish taking off your +0 animal skin.
You start putting on your armour.
You continue putting on your +0 robe of resistance. x5
You finish putting on your +0 robe of resistance.
You feel resistant to extremes of temperature.
Drop what? 12/52 slots (_ for help) (? for menu, Esc to quit)
You drop a +0 animal skin.
i - a ring of protection from fire (left hand)
A giant cockroach comes into view.
A giant cockroach is nearby!
A giant cockroach is nearby!
A giant cockroach is nearby!
A hobgoblin comes into view.
The hobgoblin shouts!
You hit the giant cockroach.
The giant cockroach bites you but does no damage.
The hobgoblin hits you.
You hit the giant cockroach.
You kill the giant cockroach!
Trog accepts your kill. The hobgoblin hits you.
You hit the hobgoblin.
The hobgoblin hits you but does no damage.
You sock the hobgoblin!
You kill the hobgoblin!
Trog accepts your kill.
No target in view!
No target in view!
You now have 33 gold pieces (gained 5).
Done exploring.
Done exploring.
Done exploring.
Done exploring.
Search for what [? for help]? armor
There is a stone staircase leading down here.
You climb downwards.
There is a stone staircase leading up here.
As you read the scroll labelled WEKHLI TANN, it crumbles to dust.
You feel strangely unstable.
It was a scroll of teleportation.
You climb upwards.
Your surroundings suddenly seem different.
There is a stone staircase leading down here.
You climb downwards.
There is a stone staircase leading up here.
Found a stone staircase leading down.
Found 17 stones.
Natasha, Servant of Life and Death comes into view.
Natasha hisses angrily.
Natasha wildly gestures.
Natasha's front paws start to glow.
Natasha claws you but does no damage.
You hit Natasha but do no damage. Natasha barely misses you.
You barely miss Natasha.
Natasha casts a spell.
Natasha claws you.
You barely miss Natasha.
The shadow imp shouts, "Go and return not, thou fawning swag-bellied slime mould!"
The shadow imp closely misses you. Natasha claws you.
You hit Natasha but do no damage. Natasha claws you.
The shadow imp closely misses you.
You hit Natasha but do no damage. The shadow imp gestures at you.
Pain shoots through your body!
* * * LOW HITPOINT WARNING * * *
Natasha claws you.
* * * LOW HITPOINT WARNING * * *
You barely miss Natasha. The shadow imp hits you.
* * * LOW HITPOINT WARNING * * *
Natasha stares at you and mumbles some strange words.
You resist with some effort. The shadow imp hits you.
* * * LOW HITPOINT WARNING * * *
Natasha howls an incantation.
Natasha shimmers violently.
Natasha claws you.
* * * LOW HITPOINT WARNING * * *
The shadow imp hits you but does no damage.
The shadow imp shouts, "Slither away, thou pandering base-court wagtail!"
The shadow imp gestures at you. Pain shoots through your body!
You die...

.#... #. ....# #. #...#
#. ###...# #.
####.#...#
#.####....#...#
#.###....#.##.#...#.(.
#....^..5..##..........
####..@h#######.>#....
##.### #.# ... #.# .# .
#<# #.# ###.######.# #
...........# #<...#
######


You could see Natasha and a shadow imp (summoned).

Vanquished Creatures
  A dart slug (D:1)
  3 endoplasms (D:1)
  3 giant cockroaches (D:1)
  3 goblins (D:1)
  4 hobgoblins (D:1)
  4 jackals (D:1)
  A quokka (D:1)
  A frilled lizard (D:1)
  2 kobolds (D:1)
  8 rats (D:1)
30 creatures vanquished.

Notes
Turn   | Place    | Note
-------+----------+-------------------------------------------
     0 | D:1      | CryoSword the Ogre Berserker began the quest for the Orb.
     0 | D:1      | Reached XP level 1. HP: 24/24 MP: 1/1
   185 | D:1      | Reached XP level 2. HP: 24/32 MP: 2/2
   715 | D:1      | Reached XP level 3. HP: 40/40 MP: 3/3
  1031 | D:1      | Reached ** piety under Trog
  1525 | D:2      | Noticed Natasha
  1541 | D:2      | HP: 2/40 [shadow imp[Natasha] (5)]
  1543 | D:2      | Killed from afar by a shadow imp

Illustrated notes

Levels and vault maps discovered:
D:1:      heliophobic_arrival_ceremonial_halls, layout_basic, minmay_quantized
D:2:      layout_basic, basic_altar, minmay_splitting_lines, uniq_sigmund,
          uniq_natasha

Skill      XL: |  1  2 |
---------------+-------+-----
Maces & Flails | 3 |  3.4
Dodging        | 3 |  3.0
Fighting       | |  4.5

Action                   || total
-------------------------++-------
Melee: Mace              ||   100
  Use: Scroll            ||     1
Armor: Animal skin       ||    31
       Robe              ||     4
Dodge: Dodged            ||    53

Table legend: (Time is in decaauts)
 A = Elapsed time spent in this place.
 B = Non-inter-level travel time spent in this place.
 C = Inter-level travel time spent in this place.
 D = Time resting spent in this place.
 E = Time spent auto-exploring this place.
 F = Levels seen in this place.
 G = Mean time per level.
                   A        B        C        D        E       F      G
               +--------+--------+--------+--------+--------+-----+--------+
         Total |   1567 |   1525 |     42 |      0 |   1200 |   2 |  783.5 |
       Dungeon |   1567 |   1525 |     42 |      0 |   1200 |   2 |  783.5 |
               +--------+--------+--------+--------+--------+-----+--------+

Top non-repeatable levels by time:
     D:1: 1530 daAuts
     D:2: 37 daAuts
